[ AOE2 MATCH · #483480333 ]
UnrankedMongols vs Lithuanians
[ REPLAY ANALYSIS · EXTRACTED FROM THE RECORDED GAME ]
Feudal
—
Castle
—
Imperial
—
| APM avg | 1.4 |
| APM peak | 41 |
| eAPM avg | 0.5 |
| Villagers / military | 4 / 0 |
Focus
⚔️ 0.0% · 🌾 100.0%
Feudal
—
Castle
—
Imperial
—
| APM avg | 19.6 |
| APM peak | 74 |
| eAPM avg | 9.1 |
| Villagers / military | 110 / 50 |
Focus
⚔️ 13.7% · 🌾 86.3%
Leitis ×47 · Monk ×3
Feudal
12:03
Castle
15:40
Imperial
—
| APM avg | 14.1 |
| APM peak | 48 |
| eAPM avg | 6.6 |
| Villagers / military | 77 / 5 |
Focus
⚔️ 15.5% · 🌾 84.5%
Knight ×5
Feudal
9:49
Castle
22:39
Imperial
—
| APM avg | 30.1 |
| APM peak | 85 |
| eAPM avg | 15.1 |
| Villagers / military | 78 / 76 |
Focus
⚔️ 33.6% · 🌾 66.4%
Samurai ×41 · Militia ×28 · Battering Ram ×7
Feudal
10:01
Castle
20:21
Imperial
—
| APM avg | 43.6 |
| APM peak | 92 |
| eAPM avg | 18.7 |
| Villagers / military | 97 / 82 |
Focus
⚔️ 25.8% · 🌾 74.2%
Knight ×61 · Scout Cavalry ×21
Feudal
9:45
Castle
14:32
Imperial
29:05
| APM avg | 29.9 |
| APM peak | 73 |
| eAPM avg | 17.0 |
| Villagers / military | 106 / 52 |
Focus
⚔️ 20.0% · 🌾 80.0%
Kamayuk ×45 · Spearman ×7
Feudal
11:46
Castle
21:56
Imperial
—
| APM avg | 29.1 |
| APM peak | 60 |
| eAPM avg | 16.7 |
| Villagers / military | 115 / 0 |
Focus
⚔️ 27.7% · 🌾 72.3%
Unknown (2550) ×69
Feudal
12:23
Castle
22:48
Imperial
—
| APM avg | 20.4 |
| APM peak | 50 |
| eAPM avg | 11.3 |
| Villagers / military | 76 / 15 |
Focus
⚔️ 19.4% · 🌾 80.6%
Skirmisher ×11 · Battering Ram ×4
Match map
Initial resources + every placement click. Lines = walls · curves = elevation contours. ◆ gold · ⬟ stone · ● berries · ✦ relic · ◌ wall gap
Your base· Open — 6t gap
NthEagle7752776's base· ✓ Closed at 16:20 · 12t walls · 1 gate(s)
fiat's base· ✓ Closed at 15:40 · 9t walls · 1 gate(s)
Elmaikel_'s base· ✓ Closed at 22:39 · 14t walls · 1 gate(s)
The Nice Guy's base· ✓ Closed at 20:21 · 1t walls · 1 gate(s)
marcosmuscillo03's base· ✓ Closed at 14:32 · 0t walls · 1 gate(s)
bpaquereau's base· ✓ Closed at 21:56 · 13t walls · 2 gate(s)
Sagittal's base· ✓ Closed at 22:48 · 14t walls · 1 gate(s)
Smoothed initial terrain · ◌ = detected wall gap · hover for details
Inputs per minute
— evertone - - NthEagle7752776
Build order — evertone
3 actions detected in the replay
| 0:02 | Create | Villager (Male) ×4 |
| 0:04 | Build | House |
| 0:36 | Build | House |
Build order — NthEagle7752776
First 150 of 186 actions detected
| 0:19 | Build | House |
| 0:26 | Create | Villager (Male) ×5 |
| 0:27 | Create | Villager (Male) ×5 |
| 0:27 | Create | Villager (Male) |
| 0:52 | Build | House |
| 0:56 | Build | House |
| 0:57 | Build | House |
| 1:39 | Create | Villager (Male) |
| 1:40 | Create | Villager (Male) |
| 2:18 | Create | Villager (Male) |
| 2:18 | Create | Villager (Male) |
| 2:18 | Create | Villager (Male) |
| 3:31 | Create | Villager (Male) |
| 3:31 | Create | Villager (Male) |
| 3:31 | Create | Villager (Male) |
| 3:32 | Create | Villager (Male) |
| 3:32 | Create | Villager (Male) |
| 4:02 | Build | Mill |
| 4:54 | Create | Villager (Male) |
| 4:54 | Create | Villager (Male) |
| 4:55 | Create | Villager (Male) |
| 5:54 | Create | Villager (Male) |
| 5:54 | Create | Villager (Male) |
| 5:54 | Create | Villager (Male) |
| 5:55 | Create | Villager (Male) |
| 5:55 | Create | Villager (Male) |
| 6:57 | Create | Villager (Male) ×5 |
| 6:57 | Create | Villager (Male) ×5 |
| 7:36 | Build | Lumber Camp |
| 9:06 | Research | Feudal Age |
| 9:20 | Build | House |
| 9:47 | Build | House |
| 9:50 | Build | House |
| 9:52 | Build | House |
| 10:54 | Build | Mill |
| 11:04 | Create | Villager (Male) |
| 11:05 | Create | Villager (Male) |
| 11:30 | Build | House |
| 12:01 | Build | Lumber Camp |
| 12:07 | Build | Mining Camp |
| 12:18 | Build | Gate |
| 12:25 | Build | Stone Wall |
| 12:30 | Build | Stone Wall |
| 12:42 | Create | Villager (Male) |
| 12:42 | Create | Villager (Male) |
| 12:45 | Create | Villager (Male) |
| 13:17 | Build | Mill |
| 13:40 | Create | Villager (Male) |
| 13:52 | Create | Villager (Male) |
| 14:25 | Build | Blacksmith |
| 14:32 | Build | Farm |
| 14:45 | Create | Villager (Male) |
| 14:57 | Build | Market |
| 15:02 | Create | Villager (Male) |
| 15:02 | Create | Villager (Male) |
| 15:03 | Create | Villager (Male) |
| 15:11 | Research | Double-Bit Axe |
| 15:14 | Research | Horse Collar |
| 16:06 | Build | Mining Camp |
| 16:20 | Research | Castle Age |
| 16:33 | Build | Farm |
| 16:39 | Research | Gold Mining |
| 16:51 | Research | Stone Mining |
| 18:32 | Build | Mining Camp |
| 18:48 | Create | Villager (Male) ×5 |
| 19:30 | Build | Town Center |
| 19:33 | Build | Town Center |
| 19:50 | Build | Farm |
| 19:51 | Build | Farm |
| 19:53 | Build | Farm |
| 19:54 | Build | Farm |
| 20:02 | Build | Farm |
| 20:04 | Build | Farm |
| 20:31 | Build | Monastery |
| 20:47 | Build | Mill |
| 20:57 | Create | Villager (Male) ×5 |
| 21:13 | Build | Town Center |
| 21:18 | Create | Villager (Male) ×5 |
| 21:53 | Create | Villager (Male) ×5 |
| 22:06 | Create | Monk |
| 22:23 | Build | Farm |
| 22:24 | Build | Farm |
| 22:37 | Create | Villager (Male) ×5 |
| 22:44 | Create | Villager (Male) ×4 |
| 22:59 | Build | Farm |
| 23:03 | Research | Stone Shaft Mining |
| 23:12 | Build | Farm |
| 23:16 | Create | Villager (Male) |
| 23:17 | Create | Villager (Male) |
| 23:24 | Create | Villager (Male) |
| 23:57 | Build | Farm |
| 23:58 | Build | Farm |
| 24:00 | Build | Farm |
| 24:02 | Build | Farm |
| 24:13 | Build | House |
| 24:15 | Build | House |
| 24:16 | Build | House |
| 24:18 | Build | House |
| 24:20 | Build | House |
| 24:21 | Build | House |
| 24:31 | Create | Monk |
| 24:51 | Build | Mining Camp |
| 25:05 | Build | Farm |
| 25:21 | Research | Bow Saw |
| 25:24 | Research | Heavy Plow |
| 25:29 | Research | Loom |
| 25:59 | Create | Monk |
| 26:28 | Build | Castle |
| 27:01 | Create | Villager (Male) ×5 |
| 27:24 | Build | Farm |
| 27:25 | Build | Farm |
| 27:26 | Build | Farm |
| 27:28 | Build | Farm |
| 27:30 | Build | Farm |
| 27:31 | Build | Farm |
| 27:32 | Build | Farm |
| 27:48 | Build | Mill |
| 27:51 | Build | Farm |
| 27:52 | Build | Farm |
| 27:54 | Build | Farm |
| 27:56 | Build | Farm |
| 27:59 | Build | Farm |
| 28:00 | Build | Farm |
| 28:05 | Create | Villager (Male) ×5 |
| 28:14 | Create | Leitis ×5 |
| 28:14 | Create | Leitis ×5 |
| 28:15 | Create | Leitis ×5 |
| 28:15 | Create | Leitis ×3 |
| 28:25 | Build | Barracks |
| 28:41 | Build | House |
| 28:42 | Build | House |
| 28:45 | Build | House |
| 28:46 | Build | House |
| 28:47 | Build | House |
| 28:48 | Build | House |
| 28:52 | Create | Villager (Male) ×5 |
| 29:01 | Create | Villager (Male) ×3 |
| 29:14 | Build | Mill |
| 29:18 | Build | Farm |
| 29:20 | Build | Farm |
| 29:22 | Build | Farm |
| 29:24 | Build | Farm |
| 29:25 | Build | Farm |
| 29:27 | Build | Farm |
| 29:37 | Build | Farm |
| 29:41 | Build | Farm |
| 29:50 | Build | Farm |
| 29:52 | Build | Farm |
| 29:55 | Build | Farm |
| 29:57 | Build | Farm |
Build order — fiat
125 actions detected in the replay
| 0:02 | Create | Villager (Male) ×4 |
| 0:05 | Build | House |
| 0:09 | Build | House |
| 1:34 | Create | Villager (Male) |
| 2:02 | Build | Lumber Camp |
| 2:09 | Create | Villager (Male) |
| 2:31 | Create | Villager (Male) |
| 2:53 | Create | Villager (Male) |
| 3:19 | Create | Villager (Male) |
| 3:30 | Build | House |
| 3:45 | Create | Villager (Male) |
| 4:07 | Create | Villager (Male) |
| 5:04 | Create | Villager (Male) |
| 5:04 | Create | Villager (Male) |
| 5:38 | Build | House |
| 5:45 | Create | Villager (Male) |
| 6:32 | Create | Villager (Male) |
| 6:32 | Create | Villager (Male) |
| 6:40 | Build | House |
| 6:48 | Build | Palisade Wall |
| 7:02 | Research | Loom |
| 7:08 | Build | Mill |
| 7:22 | Create | Villager (Male) |
| 7:22 | Create | Villager (Male) |
| 7:43 | Create | Villager (Male) |
| 8:08 | Build | Palisade Gate |
| 8:18 | Create | Villager (Male) |
| 8:19 | Create | Villager (Male) |
| 8:49 | Build | House |
| 9:05 | Research | Loom |
| 9:06 | Research | Feudal Age |
| 9:15 | Build | Mining Camp |
| 9:44 | Build | Farm |
| 9:45 | Build | Farm |
| 9:48 | Build | Farm |
| 9:49 | Build | Farm |
| 10:48 | Create | Villager (Male) |
| 10:48 | Create | Villager (Male) |
| 12:03 | Age | Feudal Age |
| 12:14 | Build | Market |
| 12:19 | Build | Blacksmith |
| 13:00 | Research | Castle Age |
| 13:14 | Build | Mining Camp |
| 13:42 | Research | Double-Bit Axe |
| 15:40 | Age | Castle Age |
| 15:50 | Build | Town Center |
| 16:04 | Build | Town Center |
| 16:09 | Create | Villager (Male) |
| 16:09 | Create | Villager (Male) |
| 16:09 | Create | Villager (Male) |
| 16:46 | Build | Farm |
| 17:04 | Build | Farm |
| 17:07 | Build | Farm |
| 17:12 | Build | Farm |
| 17:15 | Create | Villager (Male) |
| 17:15 | Create | Villager (Male) |
| 17:31 | Build | Farm |
| 17:35 | Build | Farm |
| 17:37 | Create | Villager (Male) ×5 |
| 17:57 | Research | Bow Saw |
| 18:11 | Build | Farm |
| 18:20 | Build | Farm |
| 18:25 | Build | Farm |
| 18:33 | Build | Farm |
| 18:36 | Create | Villager (Male) ×5 |
| 18:43 | Build | Farm |
| 18:50 | Build | House |
| 18:51 | Build | House |
| 18:55 | Build | House |
| 18:56 | Build | House |
| 18:57 | Build | House |
| 19:03 | Create | Villager (Male) ×4 |
| 19:12 | Build | Farm |
| 19:24 | Build | Farm |
| 19:25 | Build | Farm |
| 19:28 | Build | Farm |
| 19:37 | Build | Farm |
| 19:41 | Create | Villager (Male) ×4 |
| 20:12 | Create | Villager (Male) ×3 |
| 20:47 | Create | Villager (Male) ×4 |
| 20:59 | Build | Farm |
| 21:01 | Build | Farm |
| 21:02 | Build | Farm |
| 21:04 | Build | Farm |
| 21:05 | Build | Farm |
| 21:08 | Build | Farm |
| 21:11 | Build | Farm |
| 21:12 | Build | Farm |
| 21:17 | Build | Farm |
| 21:19 | Build | Farm |
| 21:20 | Build | Farm |
| 21:22 | Build | Farm |
| 21:28 | Create | Villager (Male) ×5 |
| 21:38 | Build | Barracks |
| 21:52 | Build | Farm |
| 22:00 | Create | Villager (Male) ×5 |
| 22:23 | Build | Town Center |
| 22:29 | Create | Villager (Male) ×5 |
| 22:42 | Build | House |
| 22:44 | Build | House |
| 22:46 | Build | House |
| 22:49 | Build | House |
| 22:50 | Build | House |
| 22:57 | Create | Villager (Male) ×5 |
| 23:25 | Build | Gate |
| 23:32 | Build | House |
| 23:58 | Build | House |
| 24:00 | Build | House |
| 24:06 | Build | House |
| 24:13 | Build | House |
| 24:18 | Build | House |
| 24:26 | Build | House |
| 24:59 | Build | Stable |
| 25:56 | Build | House |
| 26:20 | Create | Knight |
| 26:20 | Create | Knight |
| 26:20 | Create | Knight |
| 26:21 | Create | Knight |
| 26:21 | Create | Knight |
| 27:47 | Create | Villager (Male) |
| 27:47 | Create | Villager (Male) |
| 27:48 | Create | Villager (Male) |
| 27:48 | Create | Villager (Male) |
| 28:27 | Research | Scale Barding Armor |
| 28:28 | Research | Forging |
Build order — Elmaikel_
First 150 of 256 actions detected
| 0:01 | Create | Villager (Male) |
| 0:01 | Create | Villager (Male) |
| 0:01 | Create | Villager (Male) |
| 0:02 | Build | House |
| 0:04 | Build | House |
| 0:41 | Create | Villager (Male) |
| 0:41 | Create | Villager (Male) |
| 1:24 | Create | Villager (Male) |
| 1:25 | Create | Villager (Male) |
| 2:06 | Create | Villager (Male) |
| 2:07 | Create | Villager (Male) |
| 2:12 | Build | Lumber Camp |
| 2:13 | Create | Villager (Male) |
| 2:13 | Create | Villager (Male) |
| 2:47 | Create | Villager (Male) |
| 2:47 | Create | Villager (Male) |
| 3:05 | Create | Villager (Male) |
| 3:06 | Create | Villager (Male) |
| 3:47 | Create | Villager (Male) |
| 3:47 | Create | Villager (Male) |
| 3:47 | Create | Villager (Male) |
| 3:52 | Build | House |
| 4:18 | Create | Villager (Male) |
| 4:19 | Create | Villager (Male) |
| 4:19 | Create | Villager (Male) |
| 4:22 | Build | Mill |
| 4:31 | Create | Villager (Male) |
| 4:31 | Create | Villager (Male) |
| 4:31 | Create | Villager (Male) |
| 5:32 | Build | House |
| 5:35 | Create | Villager (Male) |
| 5:35 | Create | Villager (Male) |
| 6:19 | Create | Villager (Male) |
| 6:23 | Create | Villager (Male) |
| 6:37 | Create | Villager (Male) |
| 6:55 | Build | Palisade Wall |
| 7:07 | Build | Palisade Wall |
| 7:11 | Create | Villager (Male) |
| 7:14 | Research | Loom |
| 7:38 | Research | Feudal Age |
| 8:04 | Create | Villager (Male) |
| 8:36 | Create | Villager (Male) |
| 8:49 | Build | Palisade Gate |
| 9:01 | Build | House |
| 9:06 | Build | Barracks |
| 9:38 | Create | Villager (Male) |
| 9:49 | Age | Feudal Age |
| 9:53 | Create | Villager (Male) |
| 10:02 | Build | Mining Camp |
| 10:14 | Build | Blacksmith |
| 10:16 | Create | Villager (Male) |
| 10:22 | Research | Double-Bit Axe |
| 10:29 | Build | Mill |
| 10:36 | Create | Villager (Male) |
| 10:43 | Create | Villager (Male) |
| 10:49 | Create | Militia |
| 10:49 | Create | Militia |
| 10:49 | Create | Militia |
| 11:24 | Create | Villager (Male) |
| 11:41 | Create | Militia |
| 11:42 | Create | Militia |
| 12:06 | Build | House |
| 12:13 | Build | House |
| 12:36 | Create | Militia |
| 13:07 | Create | Villager (Male) |
| 13:08 | Create | Villager (Male) |
| 13:15 | Build | Barracks |
| 13:25 | Create | Militia |
| 13:34 | Build | Farm |
| 13:34 | Build | Farm |
| 13:35 | Build | Farm |
| 13:35 | Build | Farm |
| 13:51 | Create | Villager (Male) |
| 14:06 | Build | Farm |
| 14:06 | Build | Farm |
| 14:10 | Build | Farm |
| 14:10 | Build | Farm |
| 14:34 | Create | Villager (Male) |
| 14:54 | Build | Mill |
| 14:59 | Create | Villager (Male) |
| 15:00 | Create | Villager (Male) |
| 15:04 | Build | House |
| 15:08 | Build | House |
| 15:29 | Research | Man-at-Arms (upgrade) |
| 15:31 | Create | Villager (Male) |
| 16:08 | Create | Villager (Male) |
| 16:24 | Build | Farm |
| 16:24 | Build | Farm |
| 16:24 | Build | Farm |
| 16:25 | Build | Farm |
| 16:32 | Research | Wheelbarrow |
| 16:52 | Research | Arson |
| 17:11 | Create | Villager (Male) |
| 17:23 | Build | Farm |
| 17:23 | Build | Farm |
| 17:24 | Build | Farm |
| 17:24 | Build | Farm |
| 17:53 | Build | Lumber Camp |
| 18:10 | Create | Villager (Male) |
| 18:21 | Create | Militia |
| 18:21 | Create | Militia |
| 18:22 | Create | Militia |
| 18:24 | Research | Forging |
| 18:25 | Research | Scale Mail Armor |
| 18:27 | Create | Villager (Male) |
| 18:33 | Build | Farm |
| 18:51 | Build | Market |
| 18:58 | Build | Farm |
| 19:05 | Create | Villager (Male) |
| 19:20 | Build | Farm |
| 19:23 | Create | Villager (Male) |
| 19:28 | Build | House |
| 19:32 | Build | House |
| 19:58 | Research | Castle Age |
| 19:59 | Research | Castle Age |
| 20:08 | Research | Fletching |
| 20:11 | Create | Villager (Male) |
| 20:19 | Build | Mining Camp |
| 20:22 | Research | Stone Mining |
| 20:44 | Create | Militia |
| 20:45 | Create | Militia |
| 20:45 | Create | Militia |
| 20:47 | Create | Militia |
| 21:03 | Research | Gold Mining |
| 21:11 | Build | Farm |
| 21:43 | Build | Lumber Camp |
| 21:48 | Build | Lumber Camp |
| 22:20 | Build | Archery Range |
| 22:25 | Create | Villager (Male) |
| 22:39 | Age | Castle Age |
| 22:42 | Research | Long Swordsman (upgrade) |
| 22:45 | Create | Villager (Male) |
| 22:45 | Create | Villager (Male) |
| 22:58 | Research | Bow Saw |
| 23:03 | Create | Militia |
| 23:03 | Create | Militia |
| 23:03 | Create | Militia |
| 23:10 | Research | Gambesons |
| 23:31 | Create | Villager (Male) |
| 23:41 | Build | Siege Workshop |
| 23:45 | Create | Villager (Male) |
| 23:52 | Build | House |
| 23:59 | Build | House |
| 24:01 | Build | House |
| 24:05 | Research | Horse Collar |
| 24:25 | Create | Militia |
| 24:25 | Create | Militia |
| 24:29 | Research | Squires |
| 24:34 | Create | Battering Ram |
| 24:34 | Create | Battering Ram |
Build order — The Nice Guy
First 150 of 322 actions detected
| 0:01 | Create | Villager (Male) |
| 0:03 | Build | House |
| 0:05 | Build | House |
| 0:26 | Create | Villager (Male) |
| 0:27 | Create | Villager (Male) |
| 0:33 | Create | Villager (Male) |
| 1:29 | Create | Villager (Male) |
| 2:21 | Create | Villager (Male) |
| 2:30 | Create | Villager (Male) |
| 3:02 | Create | Villager (Male) |
| 3:17 | Create | Villager (Male) |
| 3:33 | Create | Villager (Male) |
| 3:44 | Build | House |
| 4:02 | Build | Mill |
| 4:32 | Create | Villager (Male) |
| 4:33 | Create | Villager (Male) |
| 4:33 | Create | Villager (Male) |
| 5:36 | Create | Villager (Male) |
| 5:50 | Create | Villager (Male) |
| 6:06 | Create | Villager (Male) |
| 6:44 | Create | Villager (Male) |
| 7:01 | Build | Barracks |
| 7:26 | Research | Loom |
| 7:27 | Research | Loom |
| 7:51 | Research | Feudal Age |
| 7:51 | Research | Feudal Age |
| 8:02 | Build | House |
| 8:29 | Create | Villager (Male) |
| 9:01 | Build | Barracks |
| 9:10 | Create | Villager (Male) |
| 10:01 | Age | Feudal Age |
| 10:05 | Build | Stable |
| 10:10 | Create | Villager (Male) |
| 10:14 | Research | Double-Bit Axe |
| 10:20 | Research | Horse Collar |
| 10:50 | Build | Farm |
| 10:52 | Build | Farm |
| 10:54 | Build | Farm |
| 11:03 | Build | Farm |
| 11:27 | Build | House |
| 11:31 | Build | Mule Cart |
| 11:33 | Create | Villager (Male) |
| 12:06 | Build | Palisade Gate |
| 12:10 | Build | Palisade Wall |
| 12:15 | Create | Scout Cavalry |
| 12:17 | Create | Villager (Male) |
| 12:25 | Create | Villager (Male) |
| 12:27 | Build | Farm |
| 12:38 | Build | Blacksmith |
| 12:50 | Create | Scout Cavalry |
| 13:04 | Create | Villager (Male) |
| 13:15 | Build | House |
| 13:25 | Create | Villager (Male) |
| 13:34 | Build | Farm |
| 13:36 | Build | Farm |
| 13:39 | Build | Farm |
| 13:54 | Create | Villager (Male) |
| 13:55 | Build | Farm |
| 14:18 | Create | Villager (Male) |
| 14:26 | Create | Villager (Male) |
| 14:35 | Build | Mule Cart |
| 14:39 | Create | Villager (Male) |
| 15:17 | Build | Market |
| 15:26 | Create | Villager (Male) |
| 15:46 | Build | Farm |
| 15:50 | Build | Farm |
| 15:53 | Build | Farm |
| 16:09 | Build | Farm |
| 16:10 | Create | Villager (Male) |
| 16:26 | Research | Wheelbarrow |
| 16:49 | Build | Farm |
| 17:14 | Research | Castle Age |
| 18:14 | Create | Villager (Male) |
| 18:32 | Build | Farm |
| 18:33 | Build | Farm |
| 18:49 | Create | Villager (Male) |
| 19:02 | Build | Stable |
| 19:15 | Build | Stable |
| 19:17 | Research | Gold Mining |
| 19:25 | Research | Bloodlines |
| 19:35 | Research | Scale Barding Armor |
| 19:36 | Research | Scale Barding Armor |
| 19:39 | Research | Forging |
| 20:18 | Build | House |
| 20:21 | Age | Castle Age |
| 20:48 | Build | Town Center |
| 20:54 | Create | Villager (Male) |
| 20:59 | Research | Husbandry |
| 21:00 | Research | Husbandry |
| 21:01 | Create | Knight |
| 21:02 | Create | Knight |
| 21:02 | Create | Knight |
| 21:17 | Create | Villager (Male) |
| 21:39 | Create | Knight |
| 21:40 | Create | Knight |
| 21:40 | Create | Knight |
| 21:45 | Build | House |
| 21:47 | Build | House |
| 21:52 | Create | Villager (Male) |
| 22:02 | Create | Villager (Male) |
| 22:02 | Create | Villager (Male) |
| 22:32 | Build | Town Center |
| 22:37 | Create | Knight |
| 23:00 | Create | Villager (Male) |
| 23:00 | Create | Villager (Male) |
| 23:01 | Create | Villager (Male) |
| 23:08 | Build | Farm |
| 23:31 | Create | Knight |
| 23:31 | Create | Knight |
| 23:34 | Create | Villager (Male) |
| 23:34 | Create | Villager (Male) |
| 23:34 | Create | Villager (Male) |
| 24:02 | Create | Villager (Male) |
| 24:03 | Create | Villager (Male) |
| 24:03 | Create | Villager (Male) |
| 24:09 | Build | Farm |
| 24:13 | Research | Heavy Plow |
| 24:23 | Create | Knight |
| 24:23 | Create | Knight |
| 24:32 | Research | Hand Cart |
| 24:34 | Create | Villager (Male) |
| 24:35 | Create | Villager (Male) |
| 24:35 | Create | Villager (Male) |
| 24:41 | Build | House |
| 24:41 | Build | House |
| 24:42 | Build | House |
| 24:42 | Build | House |
| 24:49 | Create | Villager (Male) |
| 24:50 | Create | Villager (Male) |
| 24:53 | Create | Knight |
| 24:53 | Create | Knight |
| 25:03 | Research | Light Cavalry (upgrade) |
| 25:12 | Build | Farm |
| 25:14 | Create | Villager (Male) |
| 25:18 | Build | Farm |
| 25:27 | Build | Farm |
| 25:31 | Create | Villager (Male) |
| 25:32 | Create | Villager (Male) |
| 25:35 | Build | Farm |
| 25:51 | Create | Villager (Male) |
| 26:47 | Create | Knight |
| 26:47 | Create | Knight |
| 26:47 | Create | Knight |
| 27:19 | Research | Chain Barding Armor |
| 27:19 | Research | Chain Barding Armor |
| 27:22 | Create | Villager (Male) |
| 27:22 | Create | Villager (Male) |
| 27:25 | Create | Knight |
| 27:25 | Create | Knight |
| 27:25 | Create | Knight |
Build order — marcosmuscillo03
First 150 of 280 actions detected
| 0:00 | Create | Villager (Male) |
| 0:01 | Create | Villager (Male) |
| 0:01 | Create | Villager (Male) |
| 0:01 | Create | Villager (Male) |
| 0:02 | Build | House |
| 0:04 | Build | House |
| 1:24 | Create | Villager (Male) |
| 1:53 | Build | Settlement |
| 2:01 | Create | Villager (Male) |
| 2:17 | Create | Villager (Male) |
| 2:48 | Create | Villager (Male) |
| 3:18 | Create | Villager (Male) |
| 3:42 | Create | Villager (Male) |
| 4:03 | Create | Villager (Male) |
| 4:16 | Build | Settlement |
| 4:35 | Create | Villager (Male) |
| 4:36 | Create | Villager (Male) |
| 4:36 | Create | Villager (Male) |
| 5:27 | Create | Villager (Male) |
| 5:27 | Create | Villager (Male) |
| 5:27 | Create | Villager (Male) |
| 6:21 | Create | Villager (Male) |
| 6:44 | Create | Villager (Male) |
| 7:35 | Research | Feudal Age |
| 8:21 | Build | Settlement |
| 9:19 | Create | Villager (Male) |
| 9:45 | Age | Feudal Age |
| 10:05 | Create | Villager (Male) |
| 10:18 | Build | Market |
| 10:21 | Build | Blacksmith |
| 10:29 | Create | Villager (Male) |
| 10:58 | Create | Villager (Male) |
| 11:06 | Build | Palisade Gate |
| 11:09 | Build | House |
| 11:24 | Create | Villager (Male) |
| 11:52 | Research | Castle Age |
| 11:52 | Research | Castle Age |
| 12:34 | Build | Settlement |
| 12:44 | Research | Double-Bit Axe |
| 12:46 | Research | Horse Collar |
| 12:48 | Research | Gold Mining |
| 12:50 | Create | Villager (Male) |
| 13:37 | Research | Loom |
| 14:32 | Age | Castle Age |
| 14:35 | Build | Town Center |
| 14:42 | Build | Town Center |
| 14:45 | Create | Villager (Male) |
| 14:53 | Research | Bow Saw |
| 15:19 | Create | Villager (Male) |
| 15:19 | Create | Villager (Male) |
| 15:25 | Build | Farm |
| 15:25 | Build | Farm |
| 16:00 | Create | Villager (Male) |
| 16:16 | Create | Villager (Male) |
| 16:16 | Create | Villager (Male) |
| 16:16 | Create | Villager (Male) |
| 16:29 | Build | Farm |
| 16:29 | Build | Farm |
| 16:30 | Build | Farm |
| 16:30 | Build | Farm |
| 16:35 | Create | Villager (Male) |
| 16:35 | Create | Villager (Male) |
| 16:45 | Build | Farm |
| 17:01 | Create | Villager (Male) |
| 17:03 | Build | Farm |
| 17:05 | Create | Villager (Male) |
| 17:06 | Build | Farm |
| 17:08 | Create | Villager (Male) |
| 17:09 | Build | Farm |
| 17:31 | Create | Villager (Male) |
| 17:32 | Create | Villager (Male) |
| 17:34 | Build | Farm |
| 17:38 | Build | Farm |
| 17:40 | Build | Farm |
| 17:47 | Create | Villager (Male) |
| 17:48 | Create | Villager (Male) |
| 17:57 | Create | Villager (Male) |
| 18:02 | Build | Farm |
| 18:05 | Build | Farm |
| 18:11 | Build | Farm |
| 18:16 | Create | Villager (Male) |
| 18:26 | Build | Farm |
| 18:27 | Create | Villager (Male) |
| 18:30 | Build | Farm |
| 18:33 | Create | Villager (Male) |
| 18:35 | Create | Villager (Male) |
| 18:38 | Build | Farm |
| 18:42 | Build | Farm |
| 18:42 | Build | Farm |
| 18:42 | Build | Farm |
| 18:43 | Build | Farm |
| 18:56 | Build | Farm |
| 18:59 | Create | Villager (Male) |
| 19:00 | Create | Villager (Male) |
| 19:05 | Build | Farm |
| 19:10 | Build | Farm |
| 19:13 | Create | Villager (Male) |
| 19:15 | Create | Villager (Male) |
| 19:17 | Build | Farm |
| 19:28 | Build | Farm |
| 19:30 | Create | Villager (Male) |
| 19:34 | Create | Villager (Male) |
| 19:37 | Build | Settlement |
| 19:47 | Create | Villager (Male) |
| 19:48 | Create | Villager (Male) |
| 19:57 | Research | Stone Mining |
| 20:00 | Build | Farm |
| 20:06 | Create | Villager (Male) |
| 20:07 | Create | Villager (Male) |
| 20:10 | Create | Villager (Male) |
| 20:20 | Build | House |
| 20:21 | Build | House |
| 20:26 | Create | Villager (Male) |
| 20:27 | Create | Villager (Male) |
| 20:31 | Create | Villager (Male) |
| 20:50 | Research | Heavy Plow |
| 20:56 | Create | Villager (Male) |
| 21:01 | Create | Villager (Male) |
| 21:03 | Build | Farm |
| 21:06 | Create | Villager (Male) |
| 21:17 | Create | Villager (Male) |
| 21:23 | Build | Farm |
| 21:27 | Build | Farm |
| 21:29 | Create | Villager (Male) |
| 21:38 | Create | Villager (Male) |
| 21:39 | Build | Farm |
| 21:43 | Create | Villager (Male) |
| 21:44 | Create | Villager (Male) |
| 21:47 | Build | Farm |
| 21:52 | Research | Gold Mining |
| 22:06 | Research | Stone Shaft Mining |
| 22:08 | Create | Villager (Male) |
| 22:11 | Build | Farm |
| 22:15 | Create | Villager (Male) |
| 22:22 | Create | Villager (Male) |
| 22:26 | Create | Villager (Male) |
| 22:28 | Create | Villager (Male) |
| 22:40 | Research | Town Watch |
| 22:48 | Create | Villager (Male) |
| 22:50 | Create | Villager (Male) |
| 22:52 | Build | Farm |
| 23:00 | Research | Gold Shaft Mining |
| 23:05 | Create | Villager (Male) |
| 23:07 | Create | Villager (Male) |
| 23:14 | Create | Villager (Male) |
| 23:19 | Build | Farm |
| 23:22 | Build | Farm |
| 23:39 | Create | Villager (Male) |
| 23:42 | Create | Villager (Male) |
| 23:55 | Create | Villager (Male) |
Build order — bpaquereau
First 150 of 270 actions detected
| 0:01 | Create | Villager (Male) |
| 0:01 | Create | Villager (Male) |
| 0:01 | Create | Villager (Male) |
| 0:02 | Create | Villager (Male) |
| 0:02 | Create | Villager (Male) |
| 0:04 | Build | House |
| 0:06 | Build | House |
| 1:28 | Create | Villager (Male) |
| 1:29 | Create | Villager (Male) |
| 2:02 | Create | Villager (Male) |
| 2:02 | Create | Villager (Male) |
| 2:15 | Create | Villager (Male) |
| 2:15 | Create | Villager (Male) |
| 2:16 | Create | Villager (Male) |
| 2:35 | Build | Settlement |
| 2:48 | Create | Villager (Male) |
| 2:48 | Create | Villager (Male) |
| 2:49 | Create | Villager (Male) |
| 3:03 | Create | Villager (Male) |
| 3:04 | Create | Villager (Male) |
| 3:04 | Create | Villager (Male) |
| 3:39 | Create | Villager (Male) |
| 3:39 | Create | Villager (Male) |
| 3:39 | Create | Villager (Male) |
| 3:55 | Create | Villager (Male) |
| 3:56 | Create | Villager (Male) |
| 3:56 | Create | Villager (Male) |
| 4:20 | Create | Villager (Male) |
| 4:21 | Create | Villager (Male) |
| 4:21 | Create | Villager (Male) |
| 4:41 | Create | Villager (Male) |
| 4:42 | Create | Villager (Male) |
| 4:56 | Create | Villager (Male) |
| 4:57 | Create | Villager (Male) |
| 4:57 | Create | Villager (Male) |
| 4:57 | Create | Villager (Male) |
| 5:02 | Create | Villager (Male) |
| 5:02 | Create | Villager (Male) |
| 5:29 | Build | Settlement |
| 5:33 | Create | Villager (Male) |
| 5:33 | Create | Villager (Male) |
| 6:21 | Create | Villager (Male) |
| 6:22 | Create | Villager (Male) |
| 7:10 | Create | Villager (Male) |
| 7:10 | Create | Villager (Male) |
| 7:45 | Build | Palisade Wall |
| 7:51 | Build | Barracks |
| 7:53 | Create | Villager (Male) |
| 8:59 | Create | Villager (Male) |
| 9:07 | Research | Feudal Age |
| 9:18 | Build | Palisade Wall |
| 9:36 | Build | Settlement |
| 11:17 | Create | Villager (Male) |
| 11:29 | Create | Unit 2550 |
| 11:34 | Create | Unit 2550 |
| 11:46 | Age | Feudal Age |
| 11:57 | Research | Double-Bit Axe |
| 12:16 | Build | Blacksmith |
| 12:20 | Research | Tech 1402 |
| 12:23 | Create | Villager (Male) |
| 12:23 | Create | Villager (Male) |
| 12:23 | Create | Villager (Male) |
| 12:34 | Create | Villager (Male) |
| 12:34 | Create | Villager (Male) |
| 12:44 | Create | Unit 2550 |
| 12:47 | Create | Villager (Male) |
| 12:47 | Create | Villager (Male) |
| 12:52 | Research | Gold Mining |
| 12:55 | Build | Farm |
| 13:05 | Create | Villager (Male) |
| 13:05 | Create | Villager (Male) |
| 13:12 | Create | Unit 2550 |
| 13:18 | Research | Forging |
| 13:26 | Create | Villager (Male) |
| 13:30 | Build | Farm |
| 13:37 | Create | Unit 2550 |
| 13:44 | Build | Farm |
| 13:49 | Build | Farm |
| 13:52 | Create | Unit 2550 |
| 14:06 | Build | Farm |
| 14:15 | Create | Unit 2550 |
| 14:22 | Research | Scale Mail Armor |
| 14:23 | Create | Villager (Male) |
| 14:50 | Build | Farm |
| 14:50 | Build | Farm |
| 14:50 | Build | Farm |
| 14:51 | Build | Farm |
| 14:51 | Build | Farm |
| 14:51 | Build | Farm |
| 14:57 | Build | Farm |
| 14:59 | Build | Farm |
| 15:14 | Build | Palisade Gate |
| 15:23 | Create | Villager (Male) |
| 15:24 | Create | Villager (Male) |
| 15:37 | Create | Unit 2550 |
| 15:41 | Build | Farm |
| 15:54 | Build | Palisade Gate |
| 15:56 | Create | Villager (Male) |
| 16:06 | Build | Farm |
| 16:11 | Build | Farm |
| 16:13 | Build | Farm |
| 16:24 | Create | Unit 2550 |
| 16:42 | Create | Villager (Male) |
| 16:42 | Create | Villager (Male) |
| 16:45 | Build | Farm |
| 16:48 | Build | Farm |
| 16:54 | Build | Farm |
| 16:59 | Build | Market |
| 17:03 | Create | Villager (Male) |
| 17:03 | Create | Villager (Male) |
| 17:07 | Create | Villager (Male) |
| 17:09 | Build | Farm |
| 17:42 | Build | Farm |
| 18:33 | Research | Arson |
| 19:16 | Research | Castle Age |
| 19:16 | Research | Castle Age |
| 19:16 | Research | Castle Age |
| 19:16 | Research | Castle Age |
| 19:48 | Create | Unit 2550 |
| 19:48 | Create | Unit 2550 |
| 19:58 | Build | Barracks |
| 20:25 | Create | Villager (Male) |
| 20:26 | Create | Villager (Male) |
| 20:42 | Create | Villager (Male) |
| 20:42 | Create | Villager (Male) |
| 21:02 | Create | Villager (Male) |
| 21:03 | Create | Villager (Male) |
| 21:07 | Create | Unit 2550 |
| 21:08 | Create | Unit 2550 |
| 21:17 | Research | Horse Collar |
| 21:47 | Create | Unit 2550 |
| 21:48 | Create | Unit 2550 |
| 21:49 | Create | Villager (Male) |
| 21:50 | Create | Villager (Male) |
| 21:56 | Age | Castle Age |
| 22:02 | Research | Wheelbarrow |
| 22:11 | Build | Town Center |
| 22:14 | Build | House |
| 22:17 | Build | Farm |
| 22:19 | Build | House |
| 22:24 | Research | Heavy Plow |
| 22:26 | Research | Gold Shaft Mining |
| 22:47 | Create | Villager (Male) |
| 22:47 | Create | Villager (Male) |
| 22:54 | Research | Iron Casting |
| 23:07 | Research | Tech 1351 |
| 23:20 | Create | Villager (Male) |
| 23:20 | Create | Villager (Male) |
| 23:41 | Create | Villager (Male) |
| 23:41 | Create | Villager (Male) |
Build order — Sagittal
First 150 of 164 actions detected
| 0:04 | Create | Villager (Male) |
| 0:05 | Create | Villager (Male) |
| 0:06 | Build | House |
| 0:07 | Create | Villager (Male) |
| 0:08 | Create | Villager (Male) |
| 0:09 | Build | House |
| 1:27 | Create | Villager (Male) |
| 1:28 | Create | Villager (Male) |
| 1:28 | Create | Villager (Male) |
| 2:04 | Create | Villager (Male) |
| 2:19 | Build | Lumber Camp |
| 2:20 | Create | Villager (Male) |
| 2:21 | Create | Villager (Male) |
| 2:52 | Create | Villager (Male) |
| 2:53 | Create | Villager (Male) |
| 2:53 | Create | Villager (Male) |
| 3:05 | Create | Villager (Male) |
| 3:06 | Create | Villager (Male) |
| 3:06 | Create | Villager (Male) |
| 3:34 | Build | Palisade Wall |
| 3:37 | Create | Villager (Male) |
| 3:37 | Create | Villager (Male) |
| 3:38 | Create | Villager (Male) |
| 3:45 | Create | Villager (Male) |
| 3:46 | Create | Villager (Male) |
| 3:46 | Create | Villager (Male) |
| 3:55 | Build | House |
| 3:56 | Build | House |
| 4:16 | Create | Villager (Male) |
| 4:16 | Create | Villager (Male) |
| 4:17 | Create | Villager (Male) |
| 4:22 | Build | House |
| 5:15 | Build | Palisade Gate |
| 5:20 | Create | Villager (Male) |
| 5:20 | Create | Villager (Male) |
| 5:21 | Create | Villager (Male) |
| 5:21 | Create | Villager (Male) |
| 5:44 | Build | House |
| 5:48 | Create | Villager (Male) |
| 5:48 | Create | Villager (Male) |
| 5:49 | Create | Villager (Male) |
| 5:54 | Build | Mill |
| 6:28 | Create | Villager (Male) |
| 6:29 | Create | Villager (Male) |
| 6:49 | Create | Villager (Male) |
| 7:25 | Create | Villager (Male) |
| 7:26 | Create | Villager (Male) |
| 7:26 | Create | Villager (Male) |
| 7:44 | Create | Villager (Male) |
| 7:44 | Create | Villager (Male) |
| 7:45 | Create | Villager (Male) |
| 7:45 | Create | Villager (Male) |
| 9:03 | Build | Mining Camp |
| 9:23 | Create | Villager (Male) |
| 9:25 | Research | Loom |
| 9:29 | Create | Villager (Male) |
| 10:04 | Research | Feudal Age |
| 10:04 | Research | Feudal Age |
| 10:04 | Research | Feudal Age |
| 10:26 | Build | Barracks |
| 11:10 | Create | Villager (Male) |
| 11:16 | Build | Farm |
| 11:20 | Build | Farm |
| 11:24 | Create | Villager (Male) |
| 12:10 | Create | Villager (Male) |
| 12:23 | Age | Feudal Age |
| 13:18 | Create | Villager (Male) |
| 13:19 | Create | Villager (Male) |
| 13:23 | Build | Farm |
| 13:44 | Build | Farm |
| 13:46 | Create | Villager (Male) |
| 13:55 | Build | Watch Tower |
| 14:08 | Build | Farm |
| 14:23 | Build | House |
| 14:28 | Build | House |
| 14:32 | Create | Villager (Male) |
| 14:36 | Build | Farm |
| 14:52 | Build | Archery Range |
| 14:56 | Create | Villager (Male) |
| 15:04 | Build | Farm |
| 15:27 | Build | Watch Tower |
| 15:31 | Create | Villager (Male) |
| 15:34 | Build | Farm |
| 15:37 | Build | Farm |
| 15:59 | Build | Blacksmith |
| 16:06 | Build | House |
| 16:07 | Build | House |
| 16:11 | Create | Villager (Male) |
| 16:11 | Create | Villager (Male) |
| 16:17 | Build | Farm |
| 16:31 | Create | Skirmisher |
| 16:32 | Create | Skirmisher |
| 16:32 | Create | Skirmisher |
| 17:05 | Build | Mill |
| 17:11 | Create | Villager (Male) |
| 17:13 | Create | Villager (Male) |
| 17:13 | Create | Villager (Male) |
| 17:18 | Build | Mining Camp |
| 17:47 | Build | Watch Tower |
| 17:59 | Research | Gold Mining |
| 17:59 | Research | Gold Mining |
| 18:10 | Create | Skirmisher |
| 18:10 | Create | Skirmisher |
| 18:33 | Build | House |
| 18:35 | Build | House |
| 19:18 | Create | Villager (Male) |
| 19:18 | Create | Villager (Male) |
| 19:55 | Build | Farm |
| 19:57 | Research | Castle Age |
| 19:58 | Research | Castle Age |
| 20:12 | Build | Watch Tower |
| 20:40 | Build | Farm |
| 20:40 | Build | Farm |
| 21:29 | Create | Skirmisher |
| 21:29 | Create | Skirmisher |
| 22:06 | Create | Villager (Male) |
| 22:29 | Create | Skirmisher |
| 22:29 | Create | Skirmisher |
| 22:39 | Research | Stone Mining |
| 22:48 | Age | Castle Age |
| 22:52 | Build | Farm |
| 22:52 | Create | Villager (Male) |
| 22:56 | Build | Farm |
| 22:57 | Create | Villager (Male) |
| 23:10 | Build | Siege Workshop |
| 23:19 | Research | Fletching |
| 23:20 | Research | Fletching |
| 23:25 | Create | Skirmisher |
| 23:32 | Build | Farm |
| 23:33 | Create | Villager (Male) |
| 23:34 | Create | Villager (Male) |
| 23:38 | Research | Stone Shaft Mining |
| 23:39 | Research | Stone Shaft Mining |
| 23:42 | Create | Villager (Male) |
| 24:21 | Build | Outpost |
| 24:26 | Create | Skirmisher |
| 24:42 | Create | Villager (Male) |
| 24:48 | Create | Villager (Male) |
| 25:04 | Create | Battering Ram |
| 25:05 | Create | Battering Ram |
| 25:05 | Create | Battering Ram |
| 25:05 | Create | Battering Ram |
| 25:12 | Create | Villager (Male) |
| 25:35 | Create | Villager (Male) |
| 25:35 | Create | Villager (Male) |
| 25:38 | Research | Double-Bit Axe |
| 25:39 | Research | Double-Bit Axe |
| 25:39 | Research | Double-Bit Axe |
| 25:53 | Build | House |
| 25:58 | Build | Farm |
Match timeline
| 1:21 | evertone · resign |
| 3:34 | Sagittal · wall_segment Palisade Wall x14 |
| 6:48 | fiat · wall_segment Palisade Wall x9 |
| 6:55 | Elmaikel_ · wall_segment Palisade Wall x3 |
| 7:01 | The Nice Guy · first_building Barracks |
| 7:07 | Elmaikel_ · wall_segment Palisade Wall x11 |
| 7:45 | bpaquereau · wall_segment Palisade Wall x5 |
| 7:51 | bpaquereau · first_building Barracks |
| 9:06 | Elmaikel_ · first_building Barracks |
| 9:18 | bpaquereau · wall_segment Palisade Wall x8 |
| 9:45 | marcosmuscillo03 · age_up feudal |
| 9:49 | Elmaikel_ · age_up feudal |
| 10:01 | The Nice Guy · age_up feudal |
| 10:05 | The Nice Guy · first_building Stable |
| 10:26 | Sagittal · first_building Barracks |
| 11:46 | bpaquereau · age_up feudal |
| 12:03 | fiat · age_up feudal |
| 12:10 | The Nice Guy · wall_segment Palisade Wall x1 |
| 12:23 | Sagittal · age_up feudal |
| 12:25 | NthEagle7752776 · wall_segment Stone Wall x6 |
| 12:30 | NthEagle7752776 · wall_segment Stone Wall x6 |
| 14:32 | marcosmuscillo03 · age_up castle |
| 14:52 | Sagittal · first_building Archery Range |
| 15:40 | fiat · age_up castle |
| 16:59 | marcosmuscillo03 · first_market_sell 100 wood |
| 17:00 | marcosmuscillo03 · first_market_buy 100 food |
| 17:13 | The Nice Guy · first_market_sell 100 wood |
| 18:01 | bpaquereau · first_market_buy 100 food |
| 18:44 | bpaquereau · first_market_sell 100 wood |
| 20:21 | The Nice Guy · age_up castle |
| 20:31 | NthEagle7752776 · first_building Monastery |
| 21:38 | fiat · first_building Barracks |
| 21:56 | bpaquereau · age_up castle |
| 22:20 | Elmaikel_ · first_building Archery Range |
| 22:39 | Elmaikel_ · age_up castle |
| 22:48 | Sagittal · age_up castle |
| 23:10 | Sagittal · first_building Siege Workshop |
| 23:41 | Elmaikel_ · first_building Siege Workshop |
| 24:02 | marcosmuscillo03 · first_building Castle |
| 24:59 | fiat · first_building Stable |
| 25:21 | Elmaikel_ · first_building Castle |
| 26:16 | marcosmuscillo03 · wall_segment Stone Wall x1 |
| 26:16 | marcosmuscillo03 · wall_segment Stone Wall x1 |
| 26:17 | marcosmuscillo03 · wall_segment Stone Wall x1 |
| 26:22 | marcosmuscillo03 · wall_segment Stone Wall x1 |
| 26:28 | NthEagle7752776 · first_building Castle |
| 26:48 | Sagittal · first_building Castle |
| 28:05 | marcosmuscillo03 · wall_segment Stone Wall x5 |
| 28:08 | marcosmuscillo03 · wall_segment Stone Wall x3 |
| 28:25 | NthEagle7752776 · first_building Barracks |
| 29:00 | Elmaikel_ · first_market_sell 100 wood |
| 29:05 | marcosmuscillo03 · age_up imperial |
| 29:25 | marcosmuscillo03 · first_building Barracks |
| 31:04 | NthEagle7752776 · first_building Stable |
| 31:32 | bpaquereau · first_building Monastery |
[ AI ANALYSIS · 1 CREDIT ]
What really happened in this match?
Wolo.gg analyzes every decision: build order, eco, micro, common mistakes by bracket. Personalized analysis on WhatsApp or Discord in 30 seconds.
Civ guide
Mongols
Perfil
Jugador #1934900